 Dungeon Crawl Stone Soup version 0.25-b1-46-gb8a1ec05df (webtiles) character file.

Game seed: 1072669359126992076

56 grindst0ne the Sneak (level 3, -4/34 HPs)
             Began as a Naga Monk on June 9, 2020.
             Was a Believer of Cheibriados.
             Slain by a worm (11 damage)
             ... on level 2 of the Dungeon.
             The game lasted 00:04:04 (2406 turns).

grindst0ne the Sneak (Naga Monk)                    Turns: 2406, Time: 00:04:05

Health: -4/34      AC:  4    Str: 17    XL:     3   Next: 95%
Magic:  3/3        EV: 11    Int: 15    God:    Cheibriados [**....]
Gold:   43         SH:  0    Dex: 17    Spells: 2/2 levels left

rFire    . . .     SeeInvis +   m - +0 mace (curse)
rCold    . . .     Gourm    .   (no shield)
rNeg     . . .     Faith    .   a - +0 robe
rPois    +         Spirit   .   (no helmet)
rElec    .         Reflect  .   j - +1 cloak (curse)
rCorr    .         Harm     .   (no gloves)
MR       .....                  (no barding)
Stlth    +++.......             (no amulet)
HPRegen  0.11/turn              i - ring of wizardry
MPRegen  0.08/turn              f - ring of flight

@: very slow
A: large, see invisible, deformed body, poison resistance, slowness 2, slow
metabolism 1, spit poison 1, AC +1
a: Spit Poison, Bend Time, Renounce Religion, Evoke Flight


You were on level 2 of the Dungeon.
You worshipped Cheibriados.
Cheibriados was pleased with you.
You were not hungry.

You visited 1 branch of the dungeon, and saw 2 of its levels.

You collected 43 gold pieces.

Inventory:

Hand Weapons
 m - a cursed +0 mace (weapon)
Missiles
 n - 23 poisoned darts (quivered)
Armour
 a - a +0 robe (worn)
 g - a +0 plate armour
 j - a cursed +1 cloak (worn)
Jewellery
 f - a ring of flight (right hand)
 i - a ring of wizardry (left hand)
Scrolls
 d - a scroll of immolation
 q - a scroll of fear
Potions
 c - 3 potions of brilliance
 e - a potion of invisibility {unknown}
 k - a potion of ambrosia {unknown}
 l - a potion of flight {unknown}
 o - a potion of heal wounds {unknown}
 r - a potion of degeneration {unknown}
Comestibles
 b - 5 rations
 h - 5 chunks of flesh


   Skills:
 - Level 3.0 Fighting
 * Level 3.2 Dodging
 + Level 4.0 Stealth
 + Level 3.4 Unarmed Combat
 + Level 0.1 Invocations


You had 2 spell levels left.
You didn't know any spells.
Your spell library was empty.

Dungeon Overview and Level Annotations

Branches:
Dungeon (2/15)

Altars:
Cheibriados


Innate Abilities, Weirdness & Mutations

You cannot wear boots.
Your serpentine skin is tough. (AC +1)
You have supernaturally acute eyesight. (SInv)
Armour fits poorly on your strangely shaped body.
Your system is resistant to poisons. (rPois)
You cover ground very slowly.
You have a slow metabolism.
You can spit poison.


Message History

You hit the worm.
The worm is heavily wounded.
You hit the worm.
The worm is almost dead.
The worm bites you.
You hit the worm but do no damage.
The worm is severely wounded.
The worm bites you!
* * * LOW HITPOINT WARNING * * *
Press: ? - help, Shift-Dir - straight line, f - worm
Aim: a worm (severely wounded)
The splash of poison hits the worm.
The worm is severely wounded.
You feel slightly more hungry. The worm bites you.
* * * LOW HITPOINT WARNING * * *
There is an open door here.
You have got your breath back.
The worm closely misses you. The worm bites you!
You die...

#......#....#
#......#....## #....
#......'.....# #.#..
#......#.>...#
#.#.####
######.#....)#
#.#.#..# #.#.....#
#.#.#..# #.#.....#
#.#.#..#
#.#.....#######.#.#..#
#.#####...w@......#.÷#
#
#.##..........#.#.#÷.#
## #.########.#.#.#..#
≈#####+##.#..
#.#.#....#
≈_#.....#.#.#
#.#...##.#
≈##.....#.#.#
#.#......#
........#.#..
#.#.######
........#.#.# #.#.#
........#.#.# #.#.#


You could see a worm.

Vanquished Creatures
  2 dart slugs (D:2)
  3 worms (D:2)
  A leopard gecko (D:2)
  A ball python (D:2)
  8 bats
  2 giant cockroaches
  4 goblins (D:1)
  5 hobgoblins
  3 jackals (D:2)
  A kobold (D:1)
  A quokka (D:2)
  4 frilled lizards
  5 rats
40 creatures vanquished.

Notes
Turn   | Place    | Note
-------+----------+-------------------------------------------
     0 | D:1      | grindst0ne the Naga Monk began the quest for the Orb.
     0 | D:1      | Reached XP level 1. HP: 21/21 MP: 1/1
   414 | D:1      | Reached XP level 2. HP: 25/28 MP: 2/2
  1486 | D:2      | Reached XP level 3. HP: 34/34 MP: 3/3
  2096 | D:2      | Reached skill level 4 in Stealth
  2167 | D:2      | Found a snail-covered altar of Cheibriados.
  2175 | D:2      | Became a worshipper of Cheibriados the Contemplative
  2175 | D:2      | Reached * piety under Cheibriados
  2175 | D:2      | Reached ** piety under Cheibriados
  2406 | D:2      | Slain by a worm

Illustrated notes

Levels and vault maps discovered:
D:1:      dpeg_chamrin_arrival_tetris, layout_loops_ring, serial_bayou_pond_c
D:2:      layout_basic, kennysheep_slug_shrine

Skill      XL: |  1  2  3 |
---------------+----------+-----
Dodging        | 3 |  3.2
Stealth        | 4 |  4.0
Fighting       | |  3.0
Unarmed Combat | |  3.4
Invocations    | |  0.1

Action                   || total
-------------------------++-------
Melee: Unarmed           ||    45
       Mace              ||    95
Throw: Dart              ||     8
 Abil: Spit Poison       ||    15
  Use: Scroll            ||     4
 Stab: Sleeping          ||     9
  Eat: Chunk             ||     4
Armor: Robe              ||    48
Dodge: Dodged            ||   127
